 Dungeon Crawl Stone Soup version 0.17.0-26-gececa24 (console) character file.

1064 gw the Cudgeler (level 8, -12/70 HPs)
             Began as a Minotaur Fighter on Nov 19, 2015.
             Mangled by a shadow (21 damage)
             ... summoned by the capriciousness of Xom
             ... on level 5 of the Dungeon.
             The game lasted 00:04:28 (4688 turns).

gw the Cudgeler (Minotaur Fighter)                  Turns: 4688, Time: 00:04:28

Health: -12/70     AC: 15    Str: 22    XL:     8   Next: 6%
Magic:  7/7        EV:  4    Int:  5    God:    Xom [*.....]
Gold:   170        SH: 10    Dex: 11    Spells: 0 memorised, 7 levels left

rFire  . . .     SeeInvis .     a - +0 flail
rCold  . . .     Clarity  +     k - +0 plate armour
rNeg   . . .     SustAt   .     c - +0 shield
rPois  +         Gourm    .     (helmet restricted)
rElec  .         Spirit   .     f - +0 cloak
rCorr  .         Warding  .     (no gloves)
rMut   .         Stasis   .     g - +0 pair of boots
MR     .....                    n - amulet of clarity
Stlth  ..........               (no ring)
                                i - ring of poison resistance

@: not resistant to hostile enchantments, extremely unstealthy
A: retaliatory headbutt, horns 2
a: Renounce Religion


You were on level 5 of the Dungeon.
You worshipped Xom.
You were a special plaything of Xom.
You were very hungry.

You visited 1 branch of the dungeon, and saw 5 of its levels.

You collected 170 gold pieces.

Inventory:

Hand Weapons
 a - a +0 flail (weapon)
Missiles
 h - 80 stones
 r - 2 silver javelins (quivered)
Armour
 c - a +0 shield (worn)
 f - a +0 cloak (worn)
 g - a +0 pair of boots (worn)
 k - a +0 plate armour (worn)
Jewellery
 i - a ring of poison resistance (left hand)
 n - an amulet of clarity (around neck)
Scrolls
 d - a scroll of recharging
 j - 4 scrolls of identify
 o - a scroll of noise
Potions
 q - a potion of curing
Comestibles
 e - 3 bread rations
 l - a meat ration
 p - a fruit


   Skills:
 + Level 5.9 Fighting
 * Level 6.8 Maces & Flails
 + Level 3.5 Throwing
 + Level 5.9 Armour
 + Level 5.8 Shields


You had 7 spell levels left.
You didn't know any spells.

Dungeon Overview and Level Annotations

Branches:
Dungeon (5/15)
 Temple: D:4-7

Altars:
Ashenzari
Gozag
Nemelex Xobeh
Xom
The Shining One

Shops:
D:4 =

Annotations:
D:3 exclusion: downstairs


Innate Abilities, Weirdness & Mutations

You reflexively headbutt those who attack you in melee.
You have a pair of horns on your head.


Message History

The sky beast flickers out of sight!
Deactivating autopickup; reactivate with Ctrl-A.
Something hits you but does no damage.
The shadow slips into darkness.
The shadow flickers and vanishes!
ATTACK MOVE TO (0,-1)
You hit something.
Reactivating autopickup.
You have reached level 8!
You feel stronger.
You feel a bit more experienced.
Search for what [Enter for "glowing drain || sand-covered staircase || flagged portal || frozen archway || dark tunnel || magical portal", or ? for help]? @corpse$&&!!rott&&!!skel&&!!inedible&&!!mutagenic&&!!forbidden Can't find anything matching that.
Okay, then.
Search for what [Enter for "@corpse$&&!!rott&&!!skel&&!!inedible&&!!mutagenic&&!!forbidden", or ? for help]? @corpse$&&!!rott&&!!skel&&!!inedible&&!!mutagenic&&!!forbidden Can't find anything matching that.
Okay, then.
You start resting.
The shadow strikes at you from the darkness!
You die...
Xom chortles!

#....#..
#..#...
#....# #..#.
#... #.. #(#
#H#
#ยค##########
#...........
#...########
#...#
#...####
#......#
##.....#
#.....#


There were no monsters in sight!

Table legend:
 A = Turns spent in this place as a percentage of turns spent in the entire game.
 B = Non-inter-level travel turns spent in this place as a percentage of non-inter-level travel turns spent in the entire game.
 C = Inter-level travel turns spent in this place as a percentage of turns spent in this place.
 D = Turns resting spent in this place as a percentage of non-inter-level travel turns spent in this place.
 E = Turns spent auto-exploring this place as a percentage of non-inter-level travel turns spent in this place.
 F = Non-inter-level travel turns spent in this place divided by the number of levels of this place that you've seen.
                   A       B       C       D       E      F
               +-------+-------+-------+-------+-------+----------------------
         Total | 100.0 | 100.0 |   0.3 |   0.8 |   2.1 | 1491.4
       Dungeon | 100.0 | 100.0 |   0.3 |   0.8 |   2.1 | 1491.4
               +-------+-------+-------+-------+-------+----------------------

Table legend:
 A = Kills in this place as a percentage of kills in entire the game.
 B = Kills by you in this place as a percentage of kills by you in the entire game.
 C = Kills by friends in this place as a percentage of kills by friends in the entire game.
 D = Other kills in this place as a percentage of other kills in the entire game.
 E = Experience gained in this place as a percentage of experience gained in the entire game.
 F = Experience gained in this place divided by the number of levels of this place that you have seen.
                   A       B       C       D       E      F
               +-------+-------+-------+-------+-------+----------------------
         Total | 100.0 | 100.0 |  -nan |  -nan | 100.0 | 304.2
       Dungeon | 100.0 | 100.0 |  -nan |  -nan | 100.0 | 304.2
               +-------+-------+-------+-------+-------+----------------------

Vanquished Creatures
  The ghost of gw the Cudgeler, a novice MiFi of Trog (D:4)
  Eustachio (D:4)
  A sky beast (D:5)
  A phantom (D:4)
  The ghost of gw the Cudgeler, an amateur HuCK of Xom (D:3)
  2 scorpions (D:4)
  An orc priest (D:3)
  2 orc wizards (D:3)
  A worker ant (D:4)
  An adder (D:2)
  5 gnolls
  A shadow imp (D:5)
  2 oozes (D:3)
  An adder skeleton (D:4)
  6 worms
  6 giant geckos
  5 orcs
  A ball python (D:2)
  6 giant cockroaches
  8 goblins
  5 hobgoblins
  2 jackals (D:5)
  6 kobolds
  2 quokkas (D:3)
  7 bats
  3 giant newts
  8 rats
86 creatures vanquished.

Notes
Turn   | Place    | Note
--------------------------------------------------------------
     0 | D:1      | gw the Minotaur Fighter began the quest for the Orb.
     0 | D:1      | Reached XP level 1. HP: 19/19 MP: 0/0
   195 | D:1      | Reached XP level 2. HP: 27/27 MP: 1/1
   369 | D:1      | Reached skill level 4 in Armour
   412 | D:1      | Reached XP level 3. HP: 33/33 MP: 2/2
   473 | D:1      | Reached skill level 1 in Throwing
   852 | D:2      | Found a shimmering altar of Xom.
   867 | D:2      | Became a worshipper of Xom of Chaos
  1176 | D:2      | Found an opulent altar of Gozag.
  1320 | D:2      | XOM: cast spell 'Blink'
  1545 | D:2      | XOM: harmless Divn miscast
  1780 | D:2      | Found a glowing golden altar of the Shining One.
  1818 | D:2      | XOM: silly message
  1893 | D:2      | XOM: divination: detect creatures
  2043 | D:2      | XOM: silly message
  2057 | D:2      | Reached XP level 4. HP: 40/40 MP: 3/3
  2133 | D:3      | XOM: harmless Conj miscast
  2191 | D:3      | Reached XP level 5. HP: 30/47 MP: 4/4
  2435 | D:3      | Noticed gw's ghost (amateur HuCK)
  2444 | D:3      | XOM: potion effect (might)
  2453 | D:3      | XOM: cast spell 'Call Canine Familiar'
  2487 | D:3      | Killed gw's ghost
  2529 | D:3      | XOM: mild Trmt miscast
  2701 | D:3      | XOM: 1-stop teleportation journey
  2959 | D:3      | XOM: medium Chrm miscast
  3067 | D:3      | Reached XP level 6. HP: 53/53 MP: 5/5
  3072 | D:3      | Found a sparkling altar of Nemelex Xobeh.
  3233 | D:4      | Noticed gw's ghost (novice MiFi)
  3459 | D:4      | XOM is BORED!
  3459 | D:4      | XOM: medium Trmt miscast
  3460 | D:4      | XOM: vitrification
  3460 | D:4      | Found Qobiuh's Jewellery Boutique.
  3461 | D:4      | XOM: scenery: 3 doors open
  3479 | D:4      | Noticed Eustachio
  3486 | D:4      | Killed Eustachio
  3486 | D:4      | Reached skill level 5 in Maces & Flails
  3486 | D:4      | Reached skill level 5 in Armour
  3519 | D:4      | Killed gw's ghost
  3519 | D:4      | Reached skill level 5 in Fighting
  3519 | D:4      | Reached skill level 6 in Maces & Flails
  3519 | D:4      | Reached skill level 5 in Shields
  3519 | D:4      | Reached XP level 7. HP: 35/61 MP: 6/6
  3637 | D:4      | XOM: god gift: antique book {god gift}
  3910 | D:4      | Found a shattered altar of Ashenzari.
  4380 | D:4      | XOM: cast spell 'Summon Ice Beast'
  4440 | D:4      | XOM: harmless Necr miscast
  4509 | D:4      | XOM: mild Tloc miscast
  4576 | D:4      | XOM: medium Hex miscast
  4638 | D:5      | Entered Level 5 of the Dungeon
  4649 | D:5      | XOM: medium Necr miscast
  4650 | D:5      | Noticed a shadow
  4650 | D:5      | Noticed a shadow
  4652 | D:5      | XOM: blink monster(s)
  4672 | D:5      | XOM: medium Necr miscast
  4673 | D:5      | Noticed a shadow
  4673 | D:5      | Noticed a shadow
  4687 | D:5      | Reached XP level 8. HP: 9/70 MP: 7/7
  4688 | D:5      | Mangled by a shadow

Action                   |  1- 3 |  4- 6 |  7- 9 || total
-------------------------+-------+-------+-------++-------
Melee: Flail             |   100 |    94 |    87 ||   281
Throw: Stone             |   126 |    43 |    27 ||   196
       Javelin           |       |       |     9 ||     9
  Use: Potion            |     6 |     4 |     2 ||    12
       Scroll            |     3 |     2 |     2 ||     7
  Eat: Chunk             |     3 |     4 |     4 ||    11

Vault maps used:
D:1:      shiori_shiawase
D:2:      xom_teletrap_fun, nicolae_tso_swordbearing_angel,
          nicolae_gozag_seed_capital
D:3:      portal_sewer_entry_f, first_bread, nemelex_dance_club_becter
D:4:      nicolae_ashenzari_panopticon, serial_shops, kennysheep_little_box,
          uniq_eustachio
D:5:      minmay_misc_feat_pillars, nicolae_ru_sacrificial_ziggurat,
          uniq_grinder
